[Event "XII Figueira da Foz Open 2018"]
[Site "Figueira da Foz"]
[Date "2018.10.30"]
[Round "3"]
[White "Bouxo, Luis Antonio Maximi"]
[Black "Fernandes, Joao Pedro Murtinho"]
[Result "0-1"]
[ECO "A77"]
[WhiteElo "1585"]
[BlackElo "2067"]
[Annotator "NA RC"]
[PlyCount "70"]
[EventDate "2018.10.30"]
[EventType "swiss"]
[EventCountry "POR"]
[SourceTitle "playchess.com"]
[Source "ChessBase"]
[SourceQuality "1"]
[TimeControl "40/5400+30:1800+30"]

1. d4 Nf6 2. c4 c5 3. d5 e6 4. Nc3 exd5 5. cxd5 d6 6. e4 g6 7. Be2 Bg7 8. Nf3 O-O 9. O-O Re8 10. Nd2 Nbd7 11. Qc2 a6 {[%emt 0:05:26] LiveBook: 20 Games} 12. Nc4 Nb6 13. Ne3 Qe7 $146 {[%emt 0:02:23] A77: Modern Benoni: Classical: 9...Re8 10 Nd2: 10...a6 and 10...Nbd7} ({Predecessor:} 13... Nbd7 14. a4 Ne5 15. h3 g5 16. f3 Bd7 17. Nc4 Nxc4 18. Bxc4 Nh5 19. Be3 Be5 20. Bf2 Qf6 21. Be3 {0-1 (28) Dobai,S (2098)-Parkanyi,A (2352) Miskolc 2002}) 14. f3 Nbd7 15. a4 Ne5 (15... Nh5 $11 {hält das Gleichgewicht.}) 16. Nc4 (16. a5 $16) 16... Nxc4 17. Bxc4 Nh5 18. g4 Nf6 19. Bg5 Qe5 20. Qd2 h5 21. h3 Nh7 22. Bf4 Qe7 23. Qh2 Qf6 (23... Rd8 $11 {keeps the balance.}) 24. Rad1 Ng5 25. Be2 $2 (25. Kg2 $14 {stays ahead.} Nxf3 26. Rxf3 hxg4 27. Re3 (27. hxg4 Bxg4 28. Be2 Bxf3+ 29. Bxf3 Rad8 $16)) 25... Nxh3+ 26. Qxh3 Qxf4 27. Qg2 Bd4+ 28. Rxd4 cxd4 29. Nd1 hxg4 30. Bd3 g3 31. Re1 Re5 32. Bf1 Bd7 33. b3 Rh5 34. Qe2 Rh2 $19 35. Bg2 Bh3 {[%emt 0:00:18] Kh1} 0-1

[Event "XII Figueira da Foz Open 2018"]
[Site "Figueira da Foz"]
[Date "2018.10.30"]
[Round "3"]
[White "Moes Joaquim, Carlos"]
[Black "Dong, Fabio"]
[Result "1/2-1/2"]
[ECO "E32"]
[WhiteElo "1415"]
[BlackElo "1273"]
[Annotator "NA RC"]
[PlyCount "95"]
[EventDate "2018.10.30"]
[EventType "swiss"]
[EventCountry "POR"]
[SourceTitle "playchess.com"]
[Source "ChessBase"]
[SourceQuality "1"]
[TimeControl "40/5400+30:1800+30"]

1. d4 Nf6 2. c4 e6 3. Nc3 Bb4 4. Qc2 O-O 5. Nf3 c5 6. a3 Bxc3+ 7. Qxc3 b6 8. e3 d6 9. Be2 Bb7 10. O-O Nbd7 11. Rd1 Qc7 12. b3 Ne4 13. Qc2 Ndf6 14. Bb2 Rfd8 15. Nd2 Rac8 16. f3 Nxd2 17. Qxd2 d5 18. Rac1 Qe7 19. Bd3 h6 20. Bb1 cxd4 21. exd4 Rc7 22. a4 Qd6 23. Qe3 Rdc8 24. c5 bxc5 25. dxc5 Rxc5 26. Rxc5 Qxc5 27. Bd4 Qb4 28. h4 a6 29. g4 Qe7 30. Kf2 Nd7 31. Kg3 e5 32. Bf5 Re8 33. Re1 f6 34. Bg6 Rf8 35. Kh3 Qd8 36. Bb2 d4 37. Qd3 Nb6 38. Ba3 Nd5 39. Bc1 Nf4+ 40. Bxf4 exf4 41. b4 Qd5 42. Be4 Qd7 43. b5 axb5 44. axb5 Bxe4 45. Rxe4 Rb8 46. Rxd4 Qxb5 47. Qxb5 Rxb5 48. Rxf4 1/2-1/2

[Event "XII Figueira da Foz Open 2018"]
[Site "Figueira da Foz"]
[Date "2018.10.30"]
[Round "3"]
[White "Goncalves, Lucas Jordao"]
[Black "Sismeiro, Miguel"]
[Result "0-1"]
[ECO "C54"]
[WhiteElo "1401"]
[BlackElo "2008"]
[Annotator "NA RC"]
[PlyCount "102"]
[EventDate "2018.10.30"]
[EventType "swiss"]
[EventCountry "POR"]
[SourceTitle "playchess.com"]
[Source "ChessBase"]
[SourceQuality "1"]
[TimeControl "40/5400+30:1800+30"]

1. e4 e5 2. Nf3 Nc6 3. Bc4 Bc5 4. c3 Nf6 5. d3 d6 {[%emt 0:01:15] LiveBook: 2663 Games} 6. Nbd2 O-O 7. O-O a6 8. a4 Ba7 9. h3 Ne7 10. Re1 Ng6 {[%emt 0:02:37] C54: Italienische Partie (Hauptvariante)} 11. Nf1 Be6 12. Bxe6 fxe6 13. Ne3 $146 ({Vorgänger:} 13. Ng3 h6 14. d4 Nd7 15. Be3 Qe7 16. a5 Kh7 17. Nd2 Rf7 18. Nc4 {½-½ (57) Caruana,F (2822)-Nakamura,H (2769) Stavanger 2018}) 13... Qe8 14. Nf1 Nh5 15. Be3 Nhf4 16. Bxa7 Rxa7 17. Ne3 $2 {[%emt 0:00:19] [#]} (17. Kh2 $14 {bleibt weiter vorne.}) 17... Qf7 $1 18. Kh2 (18. Nh2 $17) 18... Nxg2 19. Kxg2 Qxf3+ $1 20. Qxf3 Nh4+ 21. Kg3 Nxf3 22. Red1 g5 23. Ng2 c5 (23... Raa8 $19 {and Black stays clearly on top.} 24. b4 h5) 24. b4 (24. a5 $17 {keeps fighting.}) 24... cxb4 25. cxb4 Nd4 26. Ne3 Raa8 27. Ra2 Kf7 28. Nc4 Ke7 29. Nb6 Rf3+ 30. Kg2 Raf8 31. Nc4 h5 32. b5 axb5 33. axb5 Nb3 34. Rb1 (34. Ra7 $17) 34... Rxd3 35. Ra7 Nc5 36. Na5 Rd2 37. Rf1 (37. Nxb7 {was necessary.} Rfxf2+ 38. Kg1) 37... Nxe4 38. Rxb7+ {[%emt 0:00:10] [#]} Kf6 $1 39. Rc7 (39. b6 {was worth a try.}) 39... Rb2 40. Rb7 $2 (40. Nc4 Rb3 41. b6) 40... Rc8 41. b6 Rc5 42. Ra1 Rxf2+ 43. Kg1 Rc3 44. Rc7 Rg3+ 45. Kh1 Rxh3+ 46. Kg1 Rg3+ 47. Kh1 Rgg2 48. Ra3 Rh2+ 49. Kg1 Rfg2+ 50. Kf1 Nd2+ 51. Ke1 Rh1# 0-1

[Event "XII Figueira da Foz Open 2018"]
[Site "Figueira da Foz"]
[Date "2018.10.30"]
[Round "3"]
[White "Dong, Rafael"]
[Black "Marcal, Armando Paulo Gomes"]
[Result "1-0"]
[ECO "A15"]
[WhiteElo "1360"]
[BlackElo "1751"]
[Annotator "NA RC"]
[PlyCount "81"]
[EventDate "2018.10.30"]
[EventType "swiss"]
[EventCountry "POR"]
[SourceTitle "playchess.com"]
[Source "ChessBase"]
[SourceQuality "1"]
[TimeControl "40/5400+30:1800+30"]

1. c4 Nf6 2. g3 g6 3. Bg2 Bg7 4. Nf3 O-O 5. Nc3 c6 6. O-O d5 7. cxd5 cxd5 8. d4 Nc6 9. b3 a6 10. e3 Re8 11. Bb2 Qc7 12. Rc1 Qd6 13. Na4 Nd7 14. Nc5 b6 15. Nxd7 Bxd7 16. Qe2 a5 17. Rfd1 a4 18. Ne1 axb3 19. axb3 Na5 20. Rc3 b5 21. Rc5 e6 22. Qd3 Bf6 23. Ba3 Qb6 24. Rcc1 b4 25. Bb2 Bb5 26. Qc2 Rac8 27. Qxc8 Rxc8 28. Rxc8+ Kg7 29. Ra1 Nxb3 30. Raa8 Bc6 31. Rcb8 Bb7 32. Rg8+ Kh6 33. Raf8 Qc7 34. f4 g5 35. fxg5+ Bxg5 36. Nf3 Bxe3+ 37. Kh1 Qc2 38. h4 Ba6 39. Ne5 Qb1+ 40. Kh2 Bg1+ 41. Kh3 1-0

[Event "XII Figueira da Foz Open 2018"]
[Site "Figueira da Foz"]
[Date "2018.10.31"]
[Round "4"]
[White "Guerreiro, Nuno"]
[Black "Pipiras, Filipa Fortuna"]
[Result "0-1"]
[ECO "A00"]
[WhiteElo "2069"]
[BlackElo "1853"]
[Annotator "NA RC"]
[PlyCount "74"]
[EventDate "2018.10.30"]
[EventType "swiss"]
[EventCountry "POR"]
[SourceTitle "playchess.com"]
[Source "ChessBase"]
[SourceQuality "1"]
[TimeControl "40/5400+30:1800+30"]

1. Nc3 d5 2. d4 Nf6 3. Bf4 e6 4. e3 a6 5. Bd3 c5 6. h4 Nc6 7. Nf3 Be7 8. h5 h6 9. Ne5 cxd4 10. exd4 Qb6 11. Ne2 Qxb2 12. c3 Qb6 13. Qc2 O-O 14. Qd2 Nxe5 15. dxe5 Ne4 16. Bxe4 dxe4 17. Rh3 Kh7 18. Qc2 Qc6 19. Nd4 Qd5 20. Rd1 Rd8 21. Rd2 Bd7 22. c4 Qa5 23. Qxe4+ Kh8 24. Nb3 Qc7 25. Kf1 a5 26. Rdd3 b5 27. c5 a4 (27... Bc6 $142 28. Qe3 Rxd3 29. Qxd3 Rd8) 28. Nd4 Qxc5 29. Rhg3 b4 $2 {[%emt 0:03:26] [#]} (29... Rac8 $19 30. Qe2 Bc6 31. Nxc6 Qxc6) 30. Rxg7 $4 (30. Bxh6 $1 $14 gxh6 31. Qf4) 30... Kxg7 31. Rg3+ {[%emt 0:02:33] [#]} Bg5 $1 32. Bxg5 hxg5 33. Rxg5+ Kf8 34. Qg4 Bb5+ (34... Qc1+ $142 35. Ke2 {[#]} Bb5+ $1 36. Nxb5 Rd2+ 37. Ke3 Rd1+ 38. Ke4 Qc4+ 39. Ke3 Rd3+ 40. Ke2 Qc2+ 41. Kf1 Rd1+ 42. Qxd1 Qxd1#) 35. Kg1 Qxd4 $19 36. Rg8+ Ke7 37. Qh4+ Qxh4 0-1

[Event "XII Figueira da Foz Open 2018"]
[Site "Figueira da Foz"]
[Date "2018.10.31"]
[Round "4"]
[White "Fernandes, Joao Pedro Murtinho"]
[Black "Adams, Philip"]
[Result "1-0"]
[ECO "B35"]
[WhiteElo "2067"]
[BlackElo "1980"]
[Annotator "NA RC"]
[PlyCount "83"]
[EventDate "2018.10.30"]
[EventType "swiss"]
[EventCountry "POR"]
[SourceTitle "playchess.com"]
[Source "ChessBase"]
[SourceQuality "1"]
[TimeControl "40/5400+30:1800+30"]

1. e4 c5 2. Nf3 Nc6 3. d4 cxd4 4. Nxd4 g6 5. Nc3 Bg7 6. Be3 Nf6 7. Bc4 Qa5 8. O-O O-O 9. Bb3 d6 10. h3 Bd7 11. Qd3 Nxd4 12. Bxd4 Bc6 13. Nd5 Bxd5 14. exd5 Nd7 15. Bxg7 Kxg7 16. Qd4+ Kg8 {B72: Sicilian Dragon: 6 Be3, lines with h3+Bc4 and sidelines} 17. Rfe1 Rfe8 18. Re3 Qc5 19. Qd2 (19. Qh4 Nf6 20. Rd1 b5 {1-0 (44) Ivanovic,B (2445)-Rmus,A (2310) Bijelo Polje 2004}) 19... b5 $146 ({Predecessor:} 19... Ne5 20. Rae1 {1-0 (45) Aout,S (2273)-Midy,R (1947) Agneaux 2015}) 20. Rae1 Ne5 21. Kh1 Qc7 22. f4 Nc4 23. Bxc4 bxc4 24. f5 Qd7 25. fxg6 hxg6 26. Re4 Kg7 (26... e5 $16) 27. Qc3+ ({Don't do} 27. Rxc4 e5) 27... f6 28. Qxc4 ({Keinesfalls} 28. Rxc4 $6 Rac8) 28... Rac8 29. Qe2 Rc7 30. c4 Qd8 31. Qd3 Rb7 32. Rg4 g5 33. Qd4 Kg6 34. b3 Rh8 35. Re6 Kf7 36. Qe3 Qd7 37. Rge4 Qd8 38. Qf2 Qg8 39. c5 dxc5 (39... Rd7 $142 40. cxd6 Rxd6 41. Qxa7 Rxe6 42. dxe6+ Kf8) 40. d6 Qg6 41. Rxe7+ Rxe7 42. Rxe7+ 1-0

[Event "XII Figueira da Foz Open 2018"]
[Site "Figueira da Foz"]
[Date "2018.10.31"]
[Round "4"]
[White "Dionizio, Andre Filipe Nascim"]
[Black "Gama, Joao Goncalo Cereje"]
[Result "1-0"]
[ECO "C54"]
[WhiteElo "2013"]
[BlackElo "1598"]
[Annotator "NA RC"]
[PlyCount "127"]
[EventDate "2018.10.30"]
[EventType "swiss"]
[EventCountry "POR"]
[SourceTitle "playchess.com"]
[Source "ChessBase"]
[SourceQuality "1"]
[TimeControl "40/5400+30:1800+30"]

1. e4 e5 2. Nf3 Nc6 3. Bc4 Bc5 4. c3 Nf6 5. d3 d6 6. h3 a6 7. a4 {[%emt 0:00:31] C54: Giuoco Piano: 4 c3 Nf6, main lines with 5 d4 and 5 d3} Ba7 8. O-O O-O 9. Re1 h6 10. Nbd2 Ne7 11. Nf1 Ng6 12. b4 c6 13. Bb3 {[%emt 0:15:54] [#]} Qc7 $146 ({Predecessor:} 13... Re8 14. Ra2 d5 {½-½ (44) Vachier Lagrave,M (2783)-Giri,A (2764) Leuven 2017}) 14. Qe2 Re8 15. Be3 Be6 16. Bxe6 fxe6 17. Bxa7 Rxa7 18. g3 d5 19. N1d2 b6 20. d4 exd4 21. cxd4 Qe7 22. e5 (22. a5 $16) 22... Nh7 (22... Nd7 $14) 23. Qd3 Nhf8 24. Rec1 Qd7 25. Rc3 (25. a5 $16) 25... Rc8 (25... a5 $14) 26. Nb3 Ne7 27. Rac1 g5 (27... Rb8 $16) 28. Qc2 Rac7 29. a5 Rb8 30. Qd2 Nh7 (30... Qe8 {was called for.} 31. axb6 Rxb6) 31. Kh2 Qc8 32. Ne1 Kg7 33. axb6 Rxb6 34. Nd3 Nf5 35. Ra1 Ra7 36. Rc2 Nf8 37. f4 Kg6 38. Qf2 Rf7 39. Nbc5 Ng7 40. Rca2 Ra7 $2 (40... Kh7 41. Qd2 (41. Rxa6 Rxa6 42. Rxa6 Ng6 $18) 41... Nf5 42. fxg5 Nxd4) 41. fxg5 hxg5 42. Qf6+ Kh7 43. Qxg5 Nf5 44. Rf2 Rg7 45. Qh5+ Kg8 46. Raf1 Nh7 47. Rxf5 (47. g4 $142 Rg5 {[#]} 48. Qxg5+ $3 Nxg5 49. gxf5) 47... exf5 48. Rxf5 Nf8 {[%emt 0:03:11] [#]} (48... Rb8 $142 49. g4 Qe8) 49. Qf3 $18 (49. e6 $142 $1 Rb5 (49... Nxe6 50. Nxe6) 50. Re5) 49... Ne6 50. Nxe6 Qxe6 51. Rf8+ Kh7 52. Qh5+ Qh6 53. Rh8+ Kxh8 54. Qxh6+ Kg8 55. Qd6 a5 56. Qd8+ Kh7 57. Qxb6 axb4 58. Nxb4 Rg6 59. Qc7+ Kh6 60. Qf7 Rg7 61. Qf8 Kg6 62. e6 Kh7 63. e7 Rxe7 64. Qxe7+ 1-0

[Event "XII Figueira da Foz Open 2018"]
[Site "Figueira da Foz"]
[Date "2018.10.31"]
[Round "4"]
[White "Felizes, Paulo"]
[Black "Dong, Rafael"]
[Result "1-0"]
[ECO "A45"]
[WhiteElo "1965"]
[BlackElo "1360"]
[Annotator "NA RC"]
[PlyCount "49"]
[EventDate "2018.10.30"]
[EventType "swiss"]
[EventCountry "POR"]
[SourceTitle "playchess.com"]
[Source "ChessBase"]
[SourceQuality "1"]
[TimeControl "40/5400+30:1800+30"]

1. d4 Nf6 2. Bg5 e6 3. e4 h6 4. Bxf6 Qxf6 5. Nf3 d6 6. Bd3 Nd7 7. Nbd2 {[%emt 0:00:57] A46: 1 d4 Nf6 2 Nf3 e6: Torre, London and Colle Systems} (7. O-O e5 8. c3 g6 9. Nbd2 Bg7 10. Re1 O-O 11. a4 Qe7 12. a5 exd4 13. cxd4 c5 14. Nb3 cxd4 15. Nbxd4 Ne5 16. Rb1 Bg4 17. h3 Nxf3+ 18. Nxf3 Bxf3 19. Qxf3 Rac8 20. a6 bxa6 21. Bxa6 Rc7 {½-½ (21) Mantovani,R (2372)-Jenni,F (2564) Switzerland 2008}) 7... a6 8. e5 dxe5 9. Ne4 Qd8 $146 ({Predecessor:} 9... Qe7 10. Nxe5 Nxe5 11. dxe5 Qb4+ 12. c3 Qxb2 13. O-O Qa3 14. Qh5 Bd7 {0-1 (59) Rakhmangulova,A (2245)-Bulmaga,I (2360) Mamaia 2016}) 10. dxe5 b5 11. a4 b4 12. Qe2 Bb7 13. Rd1 g5 14. Bc4 Qe7 15. O-O Bg7 16. Qe3 g4 17. Nd4 (17. Nfd2 $15) 17... Bxe5 (17... Nxe5 $17 18. Be2 O-O) 18. f4 gxf3 19. Nxf3 Bxb2 20. Rxd7 $2 (20. Nd4 $17) 20... Kxd7 21. Rb1 Bxe4 22. Qxe4 Bc3 $4 (22... Qc5+ $19 23. Kh1 Bc3) 23. Rd1+ Qd6 24. Rxd6+ cxd6 $18 (24... Kxd6 $142 25. Bxa6 Ke7 26. Qh4+ Kf8) 25. Qb7+ 1-0

[Event "XII Figueira da Foz Open 2018"]
[Site "Figueira da Foz"]
[Date "2018.10.31"]
[Round "4"]
[White "Morais, Vitor"]
[Black "Asvestopoulou, Evdokia"]
[Result "1-0"]
[ECO "A01"]
[WhiteElo "1918"]
[BlackElo "1720"]
[Annotator "NA RC"]
[PlyCount "99"]
[EventDate "2018.10.30"]
[EventType "swiss"]
[EventCountry "POR"]
[SourceTitle "playchess.com"]
[Source "ChessBase"]
[SourceQuality "1"]
[TimeControl "40/5400+30:1800+30"]

1. b3 e5 2. Bb2 Nc6 3. e3 d6 4. c4 g6 5. Nf3 Bg7 {[%emt 0:01:02] A01: Nimzowitsch-Larsen Opening} 6. Be2 (6. d4 exd4 7. Nxd4 Nxd4 8. Bxd4 Nf6 9. Be2 O-O 10. O-O Re8 11. Bf3 c6 {1-0 (55) Fedoseev,V (2707)-Vitiugov,N (2730) Satka 2018}) 6... f5 7. d3 Nf6 8. Nbd2 O-O 9. O-O h6 10. Rb1 $146 ({Predecessor:} 10. Rc1 Re8 {0-1 (52) Bakhtadze,G (2335)-Galdunts,S (2450) Yerevan 1996}) 10... Ne7 11. b4 g5 12. a4 Ng6 13. Ne1 Be6 14. f3 Qe7 15. Nc2 f4 16. Ne4 Nxe4 17. dxe4 Bd7 18. b5 Kh7 19. Rf2 Be6 20. Bc1 Qf7 21. Qd3 a5 22. Bd2 b6 23. Kh1 Bf6 24. g3 Bg7 25. Rg1 Rg8 26. Bc3 Raf8 27. Be1 Kh8 28. Bd2 Qe7 29. Na3 {[%emt 0:00:13] [#]} Rf7 (29... g4 $1 $17 30. fxg4 fxg3 31. Rxf8 Nxf8 32. Rxg3 Nd7) 30. Nb1 {[%emt 0:01:16] [#]} fxe3 (30... g4 $1 $15 ) 31. Bxe3 Nf8 32. Nc3 Nd7 33. Nd5 Bxd5 34. cxd5 Nc5 35. Qc2 Rgf8 36. Rgf1 Kg8 37. Bd1 Kh8 38. Qc4 Kh7 39. Bc2 Kh8 40. Kg2 Re8 41. Qe2 Qf6 42. Rh1 Bf8 (42... Qg6 $14) 43. h4 Rh7 44. hxg5 hxg5 45. Rxh7+ Kxh7 46. f4 Qg6 47. f5 $18 Qh6 48. Qg4 Be7 49. Rf1 Kg8 50. Rh1 1-0

[Event "XII Figueira da Foz Open 2018"]
[Site "Figueira da Foz"]
[Date "2018.10.31"]
[Round "4"]
[White "Pais, Bruno Miguel Dos Sa"]
[Black "Bouxo, Luis Antonio Maximi"]
[Result "1-0"]
[ECO "D30"]
[WhiteElo "1836"]
[BlackElo "1585"]
[Annotator "NA RC"]
[PlyCount "79"]
[EventDate "2018.10.30"]
[EventType "swiss"]
[EventCountry "POR"]
[SourceTitle "playchess.com"]
[Source "ChessBase"]
[SourceQuality "1"]
[TimeControl "40/5400+30:1800+30"]

1. d4 d5 2. c4 e6 3. Nf3 Nf6 4. g3 Bd6 5. Bg2 O-O 6. O-O c6 7. Qc2 Nbd7 8. Nbd2 Re8 9. e4 dxe4 {[%emt 0:01:19] E01: Catalan: Early deviations} 10. Nxe4 Nxe4 11. Qxe4 Nf6 (11... e5 12. Bg5 f6 13. Bd2 exd4 14. Qxd4 Ne5 15. Bc3 {½-½ (15) Sakaev,K (2668)-Lautier,J (2680) Khanty-Mansiysk 2005}) 12. Qc2 h6 13. Rd1 Qa5 14. c5 $146 ({Predecessor:} 14. Bd2 Qh5 15. Re1 e5 16. dxe5 Bxe5 17. Nxe5 Rxe5 {1-0 (42) Zimmerman,Y (2410)-Kovacs,L (2130) Gyula 1997}) 14... Bb8 15. a4 Qd8 16. b4 Nd5 17. b5 a6 18. b6 Qf6 19. Bb2 Bd7 20. Nd2 Qg5 21. Nc4 Bc8 22. Re1 Rd8 23. Rad1 Ne7 $1 24. Bc1 Qh5 25. Bb2 $2 ({Better is} 25. Rd3 $16) 25... Qg5 26. Qe2 Ng6 27. h4 Qe7 28. Rd3 $2 (28. h5 $18) 28... Bd7 $2 (28... Qf8 $16 {is a better defense.} 29. Be4 Ne7) 29. Ba3 (29. h5 $142) 29... Qf6 30. Bb2 Qe7 31. a5 Be8 32. Red1 Qf8 33. Qg4 Ne7 34. Bc1 g6 (34... f6 $16 35. h5 Kh8) 35. h5 $16 (35. Qe2 $18) 35... f5 36. Qe2 Bf7 37. hxg6 Nxg6 38. Qe3 f4 39. Qe4 fxg3 40. fxg3 1-0

[Event "XII Figueira da Foz Open 2018"]
[Site "Figueira da Foz"]
[Date "2018.10.31"]
[Round "4"]
[White "Correia, Pedro Mourao Soares"]
[Black "Moes Joaquim, Carlos"]
[Result "1-0"]
[ECO "B30"]
[WhiteElo "1518"]
[BlackElo "1415"]
[Annotator "NA RC"]
[PlyCount "75"]
[EventDate "2018.10.30"]
[EventType "swiss"]
[EventCountry "POR"]
[SourceTitle "playchess.com"]
[Source "ChessBase"]
[SourceQuality "1"]
[TimeControl "40/5400+30:1800+30"]

1. e4 c5 2. Nf3 Nc6 3. Bb5 Qc7 4. d4 cxd4 5. O-O e5 6. c3 Nf6 7. cxd4 Bd6 8. Nc3 O-O 9. Bg5 exd4 10. Bxf6 dxc3 11. Bxc3 a6 12. Bd3 b5 13. e5 Bxe5 14. Bxh7+ Kh8 15. Nxe5 Nxe5 16. Qh5 Re8 17. Be4+ Kg8 18. Bxa8 d6 19. Bd5 Bg4 20. Qg5 Qd7 21. a3 Kf8 22. f3 Bf5 23. Be4 Be6 24. Bxe5 dxe5 25. Qe3 Kg8 26. Rfd1 Qe7 27. Rd2 Qh4 28. Bd5 g6 29. Bxe6 Rxe6 30. Rad1 Re8 31. Qb6 Kg7 32. Rd8 Re6 33. Qb8 Qf4 34. Rg8+ Kf6 35. Qd8+ Re7 36. Re8 Qe3+ 37. Kf1 Qc5 38. Rd6+ 1-0

[Event "XII Figueira da Foz Open 2018"]
[Site "Figueira da Foz"]
[Date "2018.10.31"]
[Round "4"]
[White "Soares, Sara Joana De Moura"]
[Black "Goncalves, Lucas Jordao"]
[Result "1/2-1/2"]
[ECO "C54"]
[WhiteElo "1481"]
[BlackElo "1401"]
[Annotator "NA"]
[PlyCount "158"]
[EventDate "2018.10.30"]
[EventType "swiss"]
[EventCountry "POR"]
[SourceTitle "playchess.com"]
[Source "ChessBase"]
[SourceQuality "1"]
[TimeControl "40/5400+30:1800+30"]

1. e4 e5 2. Nf3 Nc6 3. Bc4 Bc5 4. c3 Nf6 5. d4 exd4 6. e5 d5 7. Bb5 Ne4 8. cxd4 Bb4+ 9. Bd2 Nxd2 10. Nbxd2 Bd7 11. a3 Bxd2+ 12. Qxd2 O-O 13. Bxc6 Bxc6 14. O-O Qd7 15. Rfe1 Rfe8 16. Rac1 h6 17. h3 Qf5 18. Qa5 Qd7 19. Qd2 a6 20. Re3 Qf5 21. b3 Re6 22. Ne1 Rg6 23. Rf3 Qh5 24. Qf4 Rf8 25. a4 a5 26. Rg3 Qe2 27. Rxg6 fxg6 28. Qe3 Qh5 29. Qd2 Qf5 30. Qe3 Qc8 31. Qc3 Rf7 32. Qxa5 Qd8 33. Qd2 Qd7 34. Nd3 b6 35. Nb4 Bb7 36. Qe3 Qe6 37. Nd3 Bc8 38. b4 Qf5 39. b5 Qe6 40. Nf4 Qf5 41. Nd3 Be6 42. Rc6 Bc8 43. g4 Qf3 44. Qxf3 Rxf3 45. Ne1 Rf7 46. Kg2 g5 47. Nd3 Kf8 48. Nb4 Ke8 49. f3 Kd8 50. Rc1 Bb7 51. Kg3 g6 52. Nd3 Kd7 53. Re1 Ke7 54. f4 gxf4+ 55. Nxf4 g5 56. Nd3 c6 57. bxc6 Bxc6 58. Ra1 Rf8 59. Kg2 Ra8 60. Nb4 Kd7 61. Nxc6 Kxc6 62. Kg3 Rf8 63. Rc1+ Kd7 64. e6+ Kd6 65. Rb1 Kc6 66. Re1 Kd6 67. Rb1 Kc6 68. Re1 Kd6 69. e7 Re8 70. Kf3 Rxe7 71. Rxe7 Kxe7 72. Ke3 Kd7 73. Kd3 Kc7 74. Kc3 Kb7 75. Kb3 Ka7 76. Kc3 Kb7 77. Kb3 Ka7 78. Ka3 Kb7 79. Kb3 Ka7 1/2-1/2

[Event "XII Figueira da Foz Open 2018"]
[Site "Figueira da Foz"]
[Date "2018.10.31"]
[Round "4"]
[White "Dong, Fabio"]
[Black "Morais, Mario Martins Freit"]
[Result "0-1"]
[ECO "A13"]
[WhiteElo "1273"]
[BlackElo "1766"]
[Annotator "NA RC"]
[PlyCount "102"]
[EventDate "2018.10.30"]
[EventType "swiss"]
[EventCountry "POR"]
[SourceTitle "playchess.com"]
[Source "ChessBase"]
[SourceQuality "1"]
[TimeControl "40/5400+30:1800+30"]

1. c4 e6 2. Nc3 d5 3. cxd5 exd5 4. d4 c6 5. Nf3 Be7 6. Bf4 Nf6 7. e3 Bf5 8. h3 Qb6 9. Qb3 Nbd7 10. Qxb6 axb6 11. Be2 O-O 12. O-O Ne8 13. Ne5 Nd6 14. b3 Nf6 15. Na4 b5 16. Nc5 Nfe4 17. Nxe4 Nxe4 18. Bd3 f6 19. Nf3 Bg6 20. Nh4 Bf7 21. Nf5 Ba3 22. Bxe4 dxe4 23. Bd6 Rfd8 24. Bxa3 Rxa3 25. Rfc1 g6 26. Ng3 f5 27. Ne2 Rda8 28. Nc3 Bxb3 29. Rab1 Bxa2 30. Nxa2 Rxa2 31. d5 cxd5 32. Rxb5 Ra1 33. Rxa1 Rxa1+ 34. Kh2 Ra7 35. Rxd5 b6 36. Rb5 Rb7 37. Kg3 Kf7 38. f3 exf3 39. Kxf3 Ke6 40. e4 fxe4+ 41. Kxe4 Kd6 42. Kf4 Kc6 43. Rb2 Kd5 44. Ke3 Kc4 45. Kd2 b5 46. Rc2+ Kb3 47. Rc3+ Kb4 48. Kc2 Rf7 49. Rf3 Rxf3 50. gxf3 Kc4 51. h4 Kd4 0-1

[Event "XII Figueira da Foz Open 2018"]
[Site "Figueira da Foz"]
[Date "2018.10.31"]
[Round "4"]
[White "Ferreira, Cristina"]
[Black "Lopez de Turiso, Jose Angel"]
[Result "0-1"]
[ECO "A84"]
[WhiteElo "1069"]
[BlackElo "1933"]
[Annotator "NA RC"]
[PlyCount "88"]
[EventDate "2018.10.30"]
[EventType "swiss"]
[EventCountry "POR"]
[SourceTitle "playchess.com"]
[Source "ChessBase"]
[SourceQuality "1"]
[TimeControl "40/5400+30:1800+30"]

1. d4 f5 2. c4 Nf6 3. Nf3 d6 4. Bg5 Nbd7 5. e3 Ne4 6. Bh4 g6 7. Be2 Bg7 8. Nbd2 Nxd2 9. Qxd2 O-O 10. O-O Qe8 11. Rac1 e5 12. c5 dxc5 13. dxc5 h6 14. Bc4+ Kh8 15. Ng5 hxg5 16. Bxg5 Nxc5 17. f3 Be6 18. Qf2 Kg8 19. Qh4 Kf7 20. Rfd1 (20. Be2 $142 Rh8 21. Qg3) 20... Rh8 21. Qf2 Bxc4 22. Rxc4 Ne6 23. Bh4 Bf6 24. Bxf6 Kxf6 25. Qg3 Rd8 26. Rcc1 c6 27. Qe1 Qe7 28. e4 f4 29. Qf2 Rxd1+ 30. Rxd1 Qc5 31. Qxc5 Nxc5 32. Rd6+ Ne6 33. g4 Rd8 34. Rxd8 Nxd8 35. h4 Ne6 36. Kg2 c5 37. Kh3 b5 38. g5+ Ke7 39. b3 c4 40. Kg4 c3 41. h5 c2 42. hxg6 c1=Q 43. Kf5 Qg1 44. g7 Qxg5# 0-1

[Event "XII Figueira da Foz Open 2018"]
[Site "Figueira da Foz"]
[Date "2018.11.01"]
[Round "5"]
[White "Perez Garcia, Rodney Oscar"]
[Black "Fernandes, Ricardo Paulos"]
[Result "1-0"]
[ECO "B08"]
[WhiteElo "2362"]
[BlackElo "2098"]
[Annotator "ChessBase"]
[PlyCount "95"]
[EventDate "2018.10.30"]
[EventType "swiss"]
[EventCountry "POR"]
[SourceTitle "playchess.com"]
[Source "ChessBase"]
[SourceQuality "1"]
[TimeControl "40/5400+30:1800+30"]

1. e4 d6 2. d4 Nf6 3. Nc3 g6 4. Nf3 Bg7 5. Be2 O-O 6. O-O c6 7. Re1 Qc7 8. Bf4 Nh5 9. Bg5 h6 10. Be3 e5 11. Qd2 Kh7 12. Rad1 Be6 13. d5 cxd5 14. Nb5 Qe7 15. exd5 Bc8 16. Nxa7 f5 17. Qb4 f4 18. Nxc8 Rxc8 19. Bd3 fxe3 20. Qg4 Qe8 21. Bxg6+ Qxg6 22. Qxc8 e4 23. Nh4 exf2+ 24. Kxf2 Qf6+ 25. Qf5+ Qxf5+ 26. Nxf5 Be5 27. Rxe4 Kg6 28. Nh4+ Kh7 29. Rb4 Ra7 30. Nf3 Bf6 31. Rb6 Be7 32. Re1 Bf8 33. Nd4 Nd7 34. Rb5 Ne5 35. Ne6 Be7 36. Re4 Nf6 37. Reb4 Kg6 38. Rxb7 Rxb7 39. Rxb7 Nxd5 40. a4 Kf5 41. Nd4+ Ke4 42. Nf3 Nc4 43. b4 Bf6 44. a5 Bc3 45. a6 Bxb4 46. a7 Ncb6 47. c4 Nc3 48. Rxb6 1-0